AoeStats
← Ux'RaúlME

Arabia

510626877Analyzed
1v1 RM · 20h ago on Oct 1, 2026· 22m 37s· 2 players
Game mode
Random Map
Map size
Tiny (2 player)
Population
200
Speed
Normal
Resources
Standard
Victory
Conquest
Starting age
Dark Age
Ending age
Imperial Age
RankedLock teamsTeams togetherTeam positionsShared explorationLock speedFull tech treeHidden civsTurbo modeCheats
Victory
Defeat
🇫🇷 Mongols · France
1345
+18
🇲🇽 Celts · Mexico
1393
-18
Pyrrhus Ist
9:08 Feudal Age
10:35 Double-Bit Axe
13:51 Forging
15:41 Horse Collar
17:02 Loom
19:50 Castle Age
18:34 Scale Barding Armor
18:37 Gold Mining
19:33 Bloodlines
21:18 Iron Casting
Ux'RaúlME
8:59 Loom
11:16 Feudal Age
15:33 Wheelbarrow
18:25 Castle Age
19:03 Double-Bit Axe
Connection lost

Rejoining the realm…

Still unreachable

The connection could not be restored.

Session expired

The server has moved on; the page needs a fresh start.